| TOP OF THE 1ST |
|
New York Mets batting - Pitching for Toronto Blue Jays : RHP Javy Falcon
|
|
Pitching: RHP Javy Falcon
|
|
|
Batting: RHB Finn Ross
|
0-0: Ball 1-0: Ground out 6-3 (Groundball, 6, EV 88.1 MPH)
|
|
Batting: SHB Javy Rosa
|
0-0: Called Strike 0-1: Ground out 6-3 (Groundball, 6, EV 77.5 MPH)
|
|
Batting: SHB Sean Cook
|
0-0: Called Strike 0-1: Fly out, F8 (Flyball, 8RM, EV 79.4 MPH)
|
| Top of the 1st over - 0 runs, 0 hits, 0 errors, 0 left on base; New York 0 - Toronto 0 |
| BOTTOM OF THE 1ST |
|
Toronto Blue Jays batting - Pitching for New York Mets : LHP Steve Kelly
|
|
Pitching: LHP Steve Kelly
|
|
|
Batting: RHB Donny Burnside
|
0-0: Ball 1-0: Foul Ball, location: 2F 1-1: Ground out 5-3 (Groundball, 25, EV 61.2 MPH)
|
|
Batting: RHB Danny Burnside
|
0-0: Foul Ball, location: 2F 0-1: Fly out, F9 (Flyball, 9D, EV 96.9 MPH)
|
|
Batting: RHB C.J. Richerson
|
0-0: SOLO HOME RUN (Flyball, 7D, EV 100.6 MPH), Distance : 375 ft
|
|
Batting: RHB Brock Van Gilder
|
0-0: Ball 1-0: SINGLE (Groundball, 56D, EV 101.2 MPH)
|
|
Batting: LHB Willis Robles
|
0-0: Called Strike 0-1: Hit by Pitch Brock Van Gilder to second
|
|
Batting: LHB Nate Dean
|
0-0: Ball 1-0: Foul Ball, location: 2F 1-1: Ball 2-1: Ball 3-1: Foul Ball, location: 2F 3-2: Foul Ball, location: 2F 3-2: Base on Balls Brock Van Gilder to third Willis Robles to second
|
|
Batting: LHB Jon Schick
|
0-0: Swinging Strike 0-1: SINGLE (Line Drive, 9S, EV 105.0 MPH) Brock Van Gilder scores Willis Robles to third Nate Dean to second Runner from 3rd tries for Home, SAFE, throw by RF to home
|
|
Batting: LHB Michael Byrd
|
0-0: Called Strike 0-1: Foul Ball, location: 2F 0-2: Foul Ball, location: 2F 0-2: Strikes out looking
|
| Bottom of the 1st over - 3 runs, 3 hits, 0 errors, 2 left on base; New York 0 - Toronto 3 |
| TOP OF THE 2ND |
|
New York Mets batting - Pitching for Toronto Blue Jays : RHP Javy Falcon
|
|
Batting: LHB Kevin Bellman
|
0-0: Ball 1-0: Ground out U3 (Groundball, 34S, EV 67.5 MPH)
|
|
Batting: RHB Drtian Thaqi
|
0-0: Called Strike 0-1: Foul Ball, location: 2F 0-2: Strikes out swinging
|
|
Batting: RHB Billy Walker
|
0-0: Called Strike 0-1: Ball 1-1: Called Strike 1-2: Strikes out swinging
|
| Top of the 2nd over - 0 runs, 0 hits, 0 errors, 0 left on base; New York 0 - Toronto 3 |
| BOTTOM OF THE 2ND |
|
Toronto Blue Jays batting - Pitching for New York Mets : LHP Steve Kelly
|
|
Batting: SHB Zory Larikov
|
0-0: Foul Ball, location: 2F 0-1: Ball 1-1: Ball 2-1: SINGLE (Line Drive, 5D, EV 103.1 MPH)
|
|
Batting: RHB Donny Burnside
|
0-0: Fielders Choice at 2nd, 2-4 (Groundball, 2L, EV 66.2 MPH)
|
|
Batting: RHB Danny Burnside
|
0-0: Ball 1-0: Foul Ball, location: 2F 1-1: Grounds into double play, 6-4-3 (Groundball, 56, EV 101.9 MPH)
|
| Bottom of the 2nd over - 0 runs, 1 hit, 0 errors, 0 left on base; New York 0 - Toronto 3 |
| TOP OF THE 3RD |
|
New York Mets batting - Pitching for Toronto Blue Jays : RHP Javy Falcon
|
|
Batting: LHB Fabiano Perrolas
|
0-0: Swinging Strike 0-1: Called Strike 0-2: Ball 1-2: Ball 2-2: Foul Ball, location: 2F 2-2: Ball 3-2: Base on Balls
|
|
Batting: SHB Roberto Magne
|
0-0: Called Strike 0-1: Ball 1-1: Ball 2-1: Ball 3-1: Fly out, F7 (Flyball, 7S, EV 73.1 MPH)
|
|
Batting: RHB Jordan Fairburn
|
0-0: Foul Ball, location: 2F 0-1: Called Strike 0-2: Ball 1-2: Ball 2-2: Ground out 5-3 (Groundball, 56S, EV 70.0 MPH) Fabiano Perrolas to second
|
|
Batting: RHB Finn Ross
|
0-0: Called Strike 0-1: Swinging Strike 0-2: Ball 1-2: Ball 2-2: Ball 3-2: Strikes out swinging
|
| Top of the 3rd over - 0 runs, 0 hits, 0 errors, 1 left on base; New York 0 - Toronto 3 |
| BOTTOM OF THE 3RD |
|
Toronto Blue Jays batting - Pitching for New York Mets : LHP Steve Kelly
|
|
Batting: RHB C.J. Richerson
|
0-0: Ball 1-0: Foul Ball, location: 2F 1-1: Foul Ball, location: 2F 1-2: Ball 2-2: Ball 3-2: Foul Ball, location: 2F 3-2: Base on Balls
|
|
Batting: RHB Brock Van Gilder
|
0-0: Foul Ball, location: 2F 0-1: Foul Ball, location: 2F 0-2: Strikes out looking
|
|
Batting: LHB Willis Robles
|
0-0: Ball 1-0: Ball 2-0: Ball 3-0: Called Strike 3-1: Fly out, F7 (Line Drive, 7D, EV 93.8 MPH)
|
|
Batting: LHB Nate Dean
|
0-0: Ball C.J. Richerson steals 2nd, throwing error, E2 C.J. Richerson to third 1-0: Foul Ball, location: 2F 1-1: Swinging Strike 1-2: Foul Ball, location: 2F 1-2: Ball 2-2: Strikes out looking
|
| Bottom of the 3rd over - 0 runs, 0 hits, 1 error, 1 left on base; New York 0 - Toronto 3 |
| TOP OF THE 4TH |
|
New York Mets batting - Pitching for Toronto Blue Jays : RHP Javy Falcon
|
|
Batting: SHB Javy Rosa
|
0-0: Ball 1-0: Ball 2-0: Called Strike 2-1: Ball 3-1: Foul Ball, location: 2F 3-2: Foul Ball, location: 2F 3-2: Fly out, F8 (Line Drive, 8RD, EV 89.4 MPH)
|
|
Batting: SHB Sean Cook
|
0-0: Ball 1-0: SINGLE (Groundball, 56D, EV 102.5 MPH)
|
|
Batting: LHB Kevin Bellman
|
0-0: Foul Ball, location: 2F 0-1: Called Strike 0-2: Ball 1-2: Ball 2-2: Ball 3-2: Strikes out looking
|
|
Batting: RHB Drtian Thaqi
|
0-0: Called Strike 0-1: Ball 1-1: Foul Ball, location: 2F 1-2: Fly out, F4 (Popup, 4S, EV 76.9 MPH)
|
| Top of the 4th over - 0 runs, 1 hit, 0 errors, 1 left on base; New York 0 - Toronto 3 |
| BOTTOM OF THE 4TH |
|
Toronto Blue Jays batting - Pitching for New York Mets : LHP Steve Kelly
|
|
Batting: LHB Jon Schick
|
0-0: Ball 1-0: SINGLE (Groundball, 6MD, EV 98.8 MPH)
|
|
Batting: LHB Michael Byrd
|
0-0: Fly out, F7 (Flyball, 78M, EV 91.2 MPH)
|
|
Batting: SHB Zory Larikov
|
0-0: Foul Ball, location: 2F 0-1: Foul Ball, location: 2F 0-2: Ball 1-2: Ball 2-2: Foul Ball, location: 2F 2-2: SINGLE (Groundball, 56D, EV 106.2 MPH) Jon Schick to second
|
|
Batting: RHB Donny Burnside
|
0-0: Ball 1-0: Ball 2-0: Called Strike 2-1: Fly out, F9 (Line Drive, 9LM, EV 90.6 MPH)
|
|
Batting: RHB Danny Burnside
|
0-0: Ball 1-0: Ball 2-0: Swinging Strike 2-1: Ball 3-1: Base on Balls Jon Schick to third Zory Larikov to second
|
|
Batting: RHB C.J. Richerson
|
0-0: Called Strike 0-1: Ball 1-1: Ball 2-1: Foul Ball, location: 2F 2-2: Foul Ball, location: 2F 2-2: Fielders Choice at 2nd, 6-4 (Groundball, 6, EV 89.4 MPH)
|
| Bottom of the 4th over - 0 runs, 2 hits, 0 errors, 3 left on base; New York 0 - Toronto 3 |
| TOP OF THE 5TH |
|
New York Mets batting - Pitching for Toronto Blue Jays : RHP Javy Falcon
|
|
Batting: RHB Billy Walker
|
0-0: Ball 1-0: Ball 2-0: Ball 3-0: Base on Balls
|
|
Batting: LHB Fabiano Perrolas
|
0-0: Called Strike 0-1: Fly out, F6 (Line Drive, 6M, EV 73.1 MPH)
|
|
Batting: SHB Roberto Magne
|
0-0: Swinging Strike 0-1: Swinging Strike 0-2: Ball 1-2: Strikes out swinging
|
|
Batting: RHB Jordan Fairburn
|
0-0: Called Strike 0-1: Foul Ball, location: 2F 0-2: Ball Billy Walker steals 2nd base 1-2: Ball 2-2: Foul Ball, location: 2F 2-2: Foul Ball, location: 2F 2-2: Foul Ball, location: 2F 2-2: Foul Ball, location: 2F 2-2: Foul Ball, location: 2F 2-2: Foul Ball, location: 2F 2-2: Foul Ball, location: 2F 2-2: Fly out, F9 (Flyball, 9S, EV 90.6 MPH)
|
| Top of the 5th over - 0 runs, 0 hits, 0 errors, 1 left on base; New York 0 - Toronto 3 |
| BOTTOM OF THE 5TH |
|
Toronto Blue Jays batting - Pitching for New York Mets : LHP Steve Kelly
|
|
Batting: RHB Brock Van Gilder
|
0-0: Called Strike 0-1: Ball 1-1: Ball 2-1: Ball 3-1: Base on Balls
|
|
Batting: LHB Willis Robles
|
0-0: Ball 1-0: Ball 2-0: Swinging Strike 2-1: Called Strike 2-2: Strikes out swinging
|
|
Batting: LHB Nate Dean
|
0-0: Ball Brock Van Gilder is caught stealing 2nd base 2-6 1-0: Ball 2-0: Ball 3-0: Called Strike 3-1: Called Strike 3-2: Base on Balls
|
|
Batting: LHB Jon Schick
|
0-0: Ball 1-0: Ball 2-0: Ball 3-0: Base on Balls Nate Dean to second
|
|
Batting: LHB Michael Byrd
|
0-0: Called Strike 0-1: Called Strike 0-2: Strikes out swinging
|
| Bottom of the 5th over - 0 runs, 0 hits, 0 errors, 2 left on base; New York 0 - Toronto 3 |
| TOP OF THE 6TH |
|
New York Mets batting - Pitching for Toronto Blue Jays : RHP Javy Falcon
|
|
Batting: RHB Finn Ross
|
0-0: Ball 1-0: SINGLE (Groundball, 6S, EV 76.2 MPH) (infield hit)
|
|
Batting: SHB Javy Rosa
|
0-0: Ball 1-0: SINGLE (Groundball, 6M, EV 88.8 MPH) (infield hit) Finn Ross to second
|
|
Batting: SHB Sean Cook
|
0-0: Called Strike 0-1: Ball 1-1: Ball 2-1: Called Strike 2-2: Strikes out swinging
|
|
Batting: LHB Kevin Bellman
|
0-0: Called Strike 0-1: Ball 1-1: Ball 2-1: Fly out, F8 (Line Drive, 89M, EV 91.2 MPH)
|
|
Batting: RHB Drtian Thaqi
|
0-0: Fly out, F8 (Flyball, 78S, EV 89.4 MPH)
|
| Top of the 6th over - 0 runs, 2 hits, 0 errors, 2 left on base; New York 0 - Toronto 3 |
| BOTTOM OF THE 6TH |
|
Toronto Blue Jays batting - Pitching for New York Mets : LHP Steve Kelly
|
|
Batting: SHB Zory Larikov
|
0-0: SINGLE (Line Drive, 9S, EV 109.4 MPH)
|
|
Batting: RHB Donny Burnside
|
0-0: Foul Ball, location: 2F 0-1: Swinging Strike 0-2: Ball 1-2: Fly out, F9 (Flyball, 89S, EV 91.9 MPH)
|
|
Pitching: RHP Justin Overlie
|
|
|
Batting: RHB Danny Burnside
|
0-0: Ball 1-0: Ball 2-0: Foul Ball, location: 2F 2-1: Swinging Strike 2-2: Ball 3-2: Foul Ball, location: 2F 3-2: Fly out, F7 (Flyball, 78S, EV 90.0 MPH)
|
|
Batting: RHB C.J. Richerson
|
0-0: Foul Ball, location: 2F 0-1: Ball 1-1: Ball 2-1: Ball 3-1: Foul Ball, location: 2F 3-2: Base on Balls Zory Larikov to second
|
|
Batting: RHB Brock Van Gilder
|
0-0: Ball 1-0: Ball 2-0: Fly out, F9 (Flyball, 9D, EV 87.5 MPH)
|
| Bottom of the 6th over - 0 runs, 1 hit, 0 errors, 2 left on base; New York 0 - Toronto 3 |
| TOP OF THE 7TH |
|
New York Mets batting - Pitching for Toronto Blue Jays : RHP Javy Falcon
|
|
Batting: RHB Billy Walker
|
0-0: Called Strike 0-1: Foul Ball, location: 2F 0-2: Ball 1-2: Strikes out swinging
|
|
Batting: LHB Fabiano Perrolas
|
0-0: Ground out 6-3 (Groundball, 6, EV 84.4 MPH)
|
|
Batting: SHB Roberto Magne
|
0-0: Foul Ball, location: 2F 0-1: Ball 1-1: Fly out, F7 (Flyball, 78S, EV 85.6 MPH)
|
| Top of the 7th over - 0 runs, 0 hits, 0 errors, 0 left on base; New York 0 - Toronto 3 |
| BOTTOM OF THE 7TH |
|
Toronto Blue Jays batting - Pitching for New York Mets : RHP Justin Overlie
|
|
Batting: LHB Willis Robles
|
0-0: Fly out, F7 (Flyball, 78M, EV 94.4 MPH)
|
|
Batting: LHB Nate Dean
|
0-0: Ball 1-0: Ball 2-0: DOUBLE (Flyball, 8LXD, EV 103.8 MPH)
|
|
Batting: LHB Jon Schick
|
0-0: Ground out 5-3 (Groundball, 56, EV 85.6 MPH)
|
|
Batting: LHB Michael Byrd
|
0-0: Ball 1-0: Ball 2-0: Ball 3-0: Base on Balls
|
|
Batting: SHB Zory Larikov
|
0-0: Ball 1-0: Ball 2-0: Foul Ball, location: 2F 2-1: Ball 3-1: Foul Ball, location: 2F 3-2: Ground out 4-3 (Groundball, 4MD, EV 88.8 MPH)
|
| Bottom of the 7th over - 0 runs, 1 hit, 0 errors, 2 left on base; New York 0 - Toronto 3 |
| TOP OF THE 8TH |
|
New York Mets batting - Pitching for Toronto Blue Jays : RHP Javy Falcon
|
|
Pitching: LHP Tim Franco
|
|
|
Now at 2B: Dylan Novakowski
|
|
|
Batting: RHB Jordan Fairburn
|
0-0: Ball 1-0: Called Strike 1-1: Hit by Pitch
|
|
Batting: RHB Finn Ross
|
0-0: Ball 1-0: Swinging Strike 1-1: Foul Ball, location: 2F 1-2: Strikes out swinging
|
|
Batting: SHB Javy Rosa
|
0-0: Called Strike 0-1: Ball 1-1: Called Strike 1-2: Foul Ball, location: 2F 1-2: Strikes out swinging
|
|
Batting: SHB Sean Cook
|
0-0: Ball 1-0: Ball 2-0: Foul Ball, location: 2F 2-1: Fielders Choice at 2nd, 5-4 (Groundball, 56, EV 91.2 MPH)
|
| Top of the 8th over - 0 runs, 0 hits, 0 errors, 1 left on base; New York 0 - Toronto 3 |
| BOTTOM OF THE 8TH |
|
Toronto Blue Jays batting - Pitching for New York Mets : RHP Justin Overlie
|
|
Pitching: RHP Ryan Wilson
|
|
|
Batting: RHB Donny Burnside
|
0-0: Ball 1-0: Called Strike 1-1: Ball 2-1: Swinging Strike 2-2: Foul Ball, location: 2F 2-2: Foul Ball, location: 2F 2-2: Ball 3-2: Base on Balls
|
|
Batting: RHB Danny Burnside
|
0-0: Ball Donny Burnside is caught stealing 2nd base 2-4 1-0: Called Strike 1-1: Ball 2-1: Called Strike 2-2: Foul Ball, location: 2F 2-2: TRIPLE (Flyball, 89XD, EV 93.1 MPH)
|
|
Batting: RHB C.J. Richerson
|
0-0: Ball 1-0: Ground out U3 (Groundball, 34S, EV 77.5 MPH) Danny Burnside scores
|
|
Batting: RHB Brock Van Gilder
|
0-0: Ball 1-0: Ball 2-0: SOLO HOME RUN (Flyball, 7D, EV 94.4 MPH), Distance : 360 ft
|
|
Batting: LHB Willis Robles
|
0-0: Called Strike 0-1: Ball 1-1: Ball 2-1: Swinging Strike 2-2: Strikes out swinging
|
| Bottom of the 8th over - 2 runs, 2 hits, 0 errors, 0 left on base; New York 0 - Toronto 5 |
| TOP OF THE 9TH |
|
New York Mets batting - Pitching for Toronto Blue Jays : LHP Tim Franco
|
|
Batting: LHB Kevin Bellman
|
0-0: Foul Ball, location: 2F 0-1: Called Strike 0-2: Foul Ball, location: 2F 0-2: Ball 1-2: Foul Ball, location: 2F 1-2: Ball 2-2: Fly out, F8 (Flyball, 8RD, EV 95.6 MPH)
|
|
Batting: RHB Drtian Thaqi
|
0-0: Fly out, F8 (Line Drive, 89M, EV 95.6 MPH)
|
|
Batting: RHB Billy Walker
|
0-0: Called Strike 0-1: Swinging Strike 0-2: Foul Ball, location: 2F 0-2: Ball 1-2: Foul Ball, location: 2F 1-2: Strikes out swinging
|
| Top of the 9th over - 0 runs, 0 hits, 0 errors, 0 left on base; New York 0 - Toronto 5 |
|